 Dungeon Crawl Stone Soup version 0.25-a0-294-gea9b1ad378 (webtiles) character file.

Game seed: 17207460275458132441, levelgen mode: deterministic

130 MisterFreud the Vandal (level 5, -2/34 HPs)
             Began as a Halfling Hunter on Dec 18, 2019.
             Slain by Grinder (4 damage)
             ... while paralysed by Grinder
             ... on level 3 of the Dungeon.
             The game lasted 00:06:26 (2188 turns).

MisterFreud the Vandal (Halfling Hunter)            Turns: 2188, Time: 00:06:27

Health: -2/34      AC:  4    Str: 13    XL:     5   Next: 36%
Magic:  5/5        EV:  3    Int:  9    God:
Gold:   95         SH:  0    Dex: 16    Spells: 4/4 levels left

rFire    . . .     SeeInvis .   a - +0 dagger (speed)
rCold    . . .     Gourm    .   (shield restricted)
rNeg     . . .     Faith    .   c - +0 leather armour
rPois    .         Spirit   .   (no helmet)
rElec    .         Reflect  .   (no cloak)
rCorr    .         Harm     .   g - +0 pair of gloves (curse)
MR       .....                  (no boots)
Stlth    ++........             (no amulet)
HPRegen  0.11/turn              (no ring)
MPRegen  0.09/turn              (no ring)

@: paralysed
A: small, mutation resistance 1
a: no special abilities


You were on level 3 of the Dungeon.
You were hungry.

You visited 1 branch of the dungeon, and saw 3 of its levels.

You collected 95 gold pieces.

Inventory:

Hand Weapons
 a - a +0 dagger of speed (weapon)
 b - a +1 hunting sling
 o - a +0 short sword
Missiles
 d - 31 sling bullets
 i - 107 stones (quivered)
Armour
 c - a +0 leather armour (worn)
 g - a cursed +0 pair of gloves (worn)
Wands
 s - a wand of polymorph (13)
Scrolls
 e - a scroll of identify {unknown}
 h - a scroll of enchant armour {unknown}
 m - a scroll of blinking {unknown}
 q - a scroll of random uselessness {unknown}
 r - 2 scrolls of enchant weapon {unknown}
Potions
 j - a potion of might {unknown}
 k - a potion of curing {unknown}
 l - a potion of haste {unknown}
 p - a potion of lignification {unknown}
Comestibles
 f - 2 rations


   Skills:
 - Level 1.7 Fighting
 - Level 4.3 Short Blades
 - Level 5.8 Slings
 - Level 2.1 Dodging
 + Level 3.5 Stealth


You had 4 spell levels left.
You didn't know any spells.
Your spell library was empty.

Dungeon Overview and Level Annotations

Branches:
Dungeon (3/15)

Altars:

Annotations:
D:2 Terence
D:3 Grinder


Innate Abilities, Weirdness & Mutations

You are small and have problems with some larger weapons.
You are somewhat resistant to further mutation.


Message History

The bat hits you but does no damage. Grinder hits you.
You writhe in agony.
You can move again.
Unknown command.
Unknown command.
You hit the bat.
You kill the bat!
An orc comes into view. It is wielding a +0 club.
Grinder gestures at you.
You shrug off the repeated paralysis!
Unknown command.
Grinder barely misses you.
Grinder says, "Don't move a muscle."
There is a stone staircase leading up, spattered with blood here.
Grinder gestures at you.
You suddenly lose the ability to move!
Grinder hits you.
You writhe in agony.
Grinder hits you!
* * * LOW HITPOINT WARNING * * *
You writhe in agony.
You die...

#.# ...#######
......#.###
......#.).
#.....#
#%....### ###.
#.......#.....
#@5..o........
#.......#.###
######..# #..#
#..# ....
..... #..#.#
#.....


You could see Grinder and an orc (wandering).

Vanquished Creatures
  Natasha (twice) (D:2)
  Robin (D:2)
  An adder (D:2)
  An ooze (D:2)
  A worm (D:2)
  2 leopard geckos
  4 bats
  A giant cockroach (D:1)
  11 goblins (D:2)
  7 hobgoblins
  3 jackals (D:1)
  4 kobolds (D:2)
  2 quokkas (D:2)
  A ball python (D:2)
  3 frilled lizards
  4 rats
48 creatures vanquished.

Notes
Turn   | Place    | Note
-------+----------+-------------------------------------------
     0 | D:1      | MisterFreud the Halfling Hunter began the quest for the
                  | Orb.
     0 | D:1      | Reached XP level 1. HP: 14/14 MP: 1/1
    26 | D:1      | Reached skill level 1 in Short Blades
    28 | D:1      | Reached XP level 2. HP: 19/19 MP: 2/2
   777 | D:2      | Reached XP level 3. HP: 24/24 MP: 3/3
   811 | D:2      | Noticed Natasha
   824 | D:2      | Killed Natasha
   824 | D:2      | Reached XP level 4. HP: 22/29 MP: 4/4
   927 | D:2      | Noticed Terence
  1348 | D:2      | Noticed Robin
  1380 | D:2      | Killed Robin
  1481 | D:2      | Noticed Natasha
  1484 | D:2      | Killed Natasha
  1484 | D:2      | Reached XP level 5. HP: 34/34 MP: 5/5
  2172 | D:3      | Noticed Grinder
  2175 | D:3      | Paralysed by Grinder for 4 turns
  2186 | D:3      | Paralysed by Grinder for 4 turns
  2188 | D:3      | Slain by Grinder

Levels and vault maps discovered:
D:1:      dpeg_arrival_simpleton_c, layout_rooms
D:2:      layout_basic, serial_forest, infiniplex_forest_corner_1,
          infiniplex_forest_corner_2, infiniplex_forest_lined_3,
          infiniplex_forest_straight_1, infiniplex_forest_side_room,
          infiniplex_forest_clump_small, infiniplex_forest_end_2,
          minmay_tromino_i4, uniq_terence, uniq_natasha, uniq_robin
D:3:      layout_loops_ring, led_sif_pool, first_ration, uniq_grinder, uniq_ijyb

Skill      XL: |  1  2  3  4 |
---------------+-------------+-----
Short Blades   | 1 2 3 4 |  4.3
Stealth        | 2 3 |  3.5
Fighting       | |  1.7
Slings         | |  5.8
Dodging        | |  2.1

Action                   |  1- 3 |  4- 6 || total
-------------------------+-------+-------++-------
Melee: Short sword       |    19 |    61 ||    80
       Dagger            |       |    71 ||    71
 Fire: Hunting sling     |    42 |    42 ||    84
  Eat: Chunk             |       |     3 ||     3
Armor: Leather armour    |     3 |    22 ||    25
Dodge: Dodged            |    14 |    81 ||    95

Table legend:
 A = Non-vault XP
 B = Vault XP
 C = Vault XP percentage of total XP
 D = Non-vault monster count
 E = Vault monster count
 F = Vault count percentage of total count
                 A         B        C        D         E       F
            +---------+---------+-------+---------+---------+-------
      Total |     112 |      74 |  39.8 |      33 |      15 |  31.2
            +---------+---------+-------+---------+---------+-------
        D:1 |      15 |       0 |   0.0 |       8 |       0 |   0.0
        D:2 |      93 |      74 |  44.3 |      23 |      15 |  39.5
        D:3 |       4 |       0 |   0.0 |       2 |       0 |   0.0
            +---------+---------+-------+---------+---------+-------
